[ AOE2 MATCH · #507202269 ]
UnrankedKoreans vs Koreans
Player's team · LOSS
Rival team · WIN
[ REPLAY ANALYSIS · EXTRACTED FROM THE RECORDED GAME ]
Feudal
11:33
Castle
21:58
Imperial
40:49
| APM avg | 23.0 |
| APM peak | 284 |
| eAPM avg | 18.6 |
| Villagers / military | 66 / 31 |
Focus
⚔️ 32.3% · 🌾 67.7%
Fire Lancer ×12 · Iron Pagoda ×6 · Knight ×4 · Battering Ram ×3 · Scout Cavalry ×3 · Trebuchet (Packed) ×3
Feudal
9:07
Castle
24:09
Imperial
41:37
| APM avg | 34.4 |
| APM peak | 62 |
| eAPM avg | 23.3 |
| Villagers / military | 111 / 126 |
Focus
⚔️ 34.9% · 🌾 65.1%
Fire Lancer ×66 · Archer ×21 · Scout Cavalry ×10 · Iron Pagoda ×8 · Skirmisher ×6 · War Wagon ×5
Match map
Initial resources + every placement click. Lines = walls · curves = elevation contours. ◆ gold · ⬟ stone · ● berries · ✦ relic · ◌ wall gap
Your base· ✓ Closed at 21:58 · 0t walls · 3 gate(s)
[A2PL] roqueterpro's base· ✓ Closed at 24:09 · 8t walls · 4 gate(s)
Smoothed initial terrain · ◌ = detected wall gap · hover for details
Inputs per minute
— DarkAngel2173 - - [A2PL] roqueterpro
Build order — DarkAngel2173
First 150 of 208 actions detected
| 0:10 | Create | Villager (Male) |
| 0:10 | Research | Loom |
| 0:10 | Create | Villager (Male) |
| 0:11 | Create | Villager (Male) |
| 0:11 | Create | Villager (Male) |
| 0:17 | Build | House |
| 0:35 | Build | House |
| 0:37 | Build | House |
| 0:39 | Build | House |
| 0:41 | Build | House |
| 0:44 | Build | House |
| 1:40 | Build | House |
| 1:42 | Build | House |
| 2:09 | Create | Villager (Male) |
| 2:33 | Create | Villager (Male) |
| 3:05 | Create | Villager (Male) |
| 3:27 | Create | Villager (Male) |
| 3:34 | Create | Villager (Male) |
| 4:18 | Create | Villager (Male) |
| 4:42 | Create | Villager (Male) |
| 5:11 | Create | Villager (Male) |
| 5:12 | Create | Villager (Male) |
| 5:12 | Create | Villager (Male) |
| 5:57 | Create | Villager (Male) |
| 5:58 | Create | Villager (Male) |
| 6:24 | Create | Villager (Male) |
| 6:32 | Create | Villager (Male) |
| 6:48 | Build | Lumber Camp |
| 7:32 | Build | Mill |
| 7:35 | Create | Villager (Male) |
| 8:06 | Create | Villager (Male) |
| 8:06 | Create | Villager (Male) |
| 8:56 | Create | Villager (Male) |
| 9:23 | Research | Feudal Age |
| 10:50 | Build | Barracks |
| 10:56 | Build | House |
| 11:20 | Build | Mining Camp |
| 11:33 | Age | Feudal Age |
| 11:34 | Build | House |
| 11:39 | Build | House |
| 11:45 | Create | Villager (Male) |
| 11:46 | Create | Villager (Male) |
| 11:46 | Create | Villager (Male) |
| 11:46 | Create | Villager (Male) |
| 11:52 | Build | House |
| 11:57 | Build | House |
| 12:19 | Research | Horse Collar |
| 12:22 | Research | Double-Bit Axe |
| 12:38 | Build | Mining Camp |
| 13:03 | Create | Villager (Male) |
| 13:25 | Build | Farm |
| 13:26 | Build | Farm |
| 13:33 | Build | Farm |
| 13:36 | Build | Farm |
| 13:40 | Build | Farm |
| 13:46 | Build | Farm |
| 13:52 | Build | Farm |
| 13:56 | Build | Farm |
| 13:58 | Create | Villager (Male) |
| 13:59 | Create | Villager (Male) |
| 14:01 | Build | Farm |
| 14:06 | Build | Farm |
| 14:19 | Create | Villager (Male) |
| 14:35 | Build | Market |
| 14:38 | Build | Farm |
| 14:53 | Build | Farm |
| 15:01 | Build | Watch Tower |
| 15:13 | Build | Farm |
| 15:17 | Build | Farm |
| 15:51 | Create | Villager (Male) |
| 15:52 | Create | Villager (Male) |
| 15:56 | Build | Farm |
| 15:58 | Build | Farm |
| 16:01 | Build | Farm |
| 16:15 | Create | Villager (Male) |
| 16:50 | Build | Mill |
| 16:52 | Build | Farm |
| 16:58 | Build | Farm |
| 16:59 | Build | Farm |
| 17:03 | Create | Villager (Male) |
| 17:13 | Build | Farm |
| 17:17 | Build | Farm |
| 17:32 | Build | Farm |
| 17:47 | Build | Farm |
| 18:43 | Create | Villager (Male) |
| 18:52 | Build | Blacksmith |
| 19:18 | Research | Castle Age |
| 19:18 | Research | Castle Age |
| 19:55 | Research | Fletching |
| 21:47 | Create | Villager (Male) |
| 21:48 | Create | Villager (Male) |
| 21:48 | Create | Villager (Male) |
| 21:49 | Create | Villager (Male) |
| 21:49 | Create | Villager (Male) |
| 21:58 | Age | Castle Age |
| 22:04 | Research | Bodkin Arrow |
| 22:33 | Research | Bow Saw |
| 22:34 | Research | Heavy Plow |
| 22:47 | Build | Siege Workshop |
| 23:02 | Research | Scale Mail Armor |
| 23:05 | Create | Fire Lancer |
| 23:06 | Create | Fire Lancer |
| 23:06 | Create | Fire Lancer |
| 23:06 | Create | Fire Lancer |
| 23:07 | Create | Fire Lancer |
| 23:07 | Create | Fire Lancer |
| 23:08 | Create | Fire Lancer |
| 23:08 | Create | Fire Lancer |
| 23:08 | Create | Fire Lancer |
| 23:15 | Create | Fire Lancer |
| 23:29 | Create | Battering Ram |
| 24:21 | Create | Villager (Male) |
| 24:22 | Create | Villager (Male) |
| 24:22 | Create | Villager (Male) |
| 24:22 | Create | Villager (Male) |
| 24:23 | Create | Villager (Male) |
| 24:23 | Create | Villager (Male) |
| 24:23 | Create | Villager (Male) |
| 24:30 | Create | Battering Ram |
| 24:31 | Create | Battering Ram |
| 25:09 | Research | Forging |
| 26:42 | Build | University |
| 27:02 | Create | Iron Pagoda |
| 27:02 | Create | Iron Pagoda |
| 27:26 | Research | Masonry |
| 27:54 | Build | Town Center |
| 28:16 | Build | House |
| 28:18 | Build | House |
| 28:18 | Build | House |
| 28:19 | Build | House |
| 28:19 | Build | House |
| 28:20 | Build | House |
| 28:20 | Build | House |
| 28:22 | Build | House |
| 28:22 | Build | House |
| 28:24 | Build | House |
| 28:25 | Build | House |
| 28:29 | Build | Lumber Camp |
| 28:38 | Create | Fire Lancer |
| 28:38 | Create | Fire Lancer |
| 30:06 | Create | Iron Pagoda |
| 30:07 | Create | Iron Pagoda |
| 31:45 | Create | Villager (Male) |
| 31:46 | Create | Villager (Male) |
| 31:46 | Create | Villager (Male) |
| 31:47 | Create | Villager (Male) |
| 32:11 | Build | Castle |
| 34:02 | Build | Farm |
| 34:03 | Build | Farm |
| 34:03 | Build | Farm |
Build order — [A2PL] roqueterpro
First 150 of 408 actions detected
| 0:01 | Create | Villager (Male) |
| 0:01 | Create | Villager (Male) |
| 0:02 | Create | Villager (Male) |
| 0:03 | Build | House |
| 0:05 | Build | House |
| 0:11 | Create | Villager (Male) |
| 1:46 | Build | Lumber Camp |
| 1:48 | Create | Villager (Male) |
| 1:49 | Create | Villager (Male) |
| 2:11 | Create | Villager (Male) |
| 2:42 | Create | Villager (Male) |
| 3:07 | Create | Villager (Male) |
| 3:10 | Build | House |
| 3:31 | Create | Villager (Male) |
| 3:35 | Build | House |
| 3:53 | Create | Villager (Male) |
| 4:38 | Create | Villager (Male) |
| 5:05 | Create | Villager (Male) |
| 5:11 | Build | Mill |
| 5:19 | Create | Villager (Male) |
| 5:38 | Create | Villager (Male) |
| 5:40 | Research | Loom |
| 6:57 | Research | Feudal Age |
| 7:18 | Build | Mining Camp |
| 8:09 | Create | Villager (Male) |
| 9:07 | Age | Feudal Age |
| 9:16 | Create | Villager (Male) |
| 9:28 | Build | Watch Tower |
| 9:39 | Create | Villager (Male) |
| 9:41 | Research | Double-Bit Axe |
| 10:27 | Create | Villager (Male) |
| 10:28 | Create | Villager (Male) |
| 10:59 | Create | Villager (Male) |
| 11:05 | Build | Barracks |
| 11:54 | Create | Villager (Male) |
| 11:56 | Build | Farm |
| 11:58 | Build | House |
| 11:59 | Build | House |
| 12:00 | Build | House |
| 12:09 | Build | Watch Tower |
| 12:24 | Build | Blacksmith |
| 12:27 | Create | Villager (Male) |
| 12:45 | Build | Watch Tower |
| 12:55 | Research | Horse Collar |
| 13:12 | Build | Archery Range |
| 13:17 | Create | Villager (Male) |
| 13:17 | Create | Villager (Male) |
| 13:31 | Research | Fletching |
| 14:10 | Build | Mining Camp |
| 14:12 | Create | Skirmisher |
| 14:12 | Create | Skirmisher |
| 14:20 | Create | Villager (Male) |
| 14:20 | Create | Villager (Male) |
| 14:36 | Create | Villager (Male) |
| 14:40 | Create | Villager (Male) |
| 14:42 | Build | Farm |
| 14:44 | Build | Farm |
| 14:45 | Build | Farm |
| 15:03 | Build | Mining Camp |
| 15:12 | Build | Watch Tower |
| 15:38 | Create | Skirmisher |
| 15:48 | Create | Skirmisher |
| 15:50 | Create | Villager (Male) |
| 15:50 | Create | Villager (Male) |
| 16:02 | Create | Villager (Male) |
| 16:16 | Build | Palisade Wall |
| 16:17 | Build | Palisade Wall |
| 16:19 | Build | Palisade Wall |
| 16:31 | Build | Palisade Wall |
| 16:32 | Build | Palisade Wall |
| 16:32 | Build | Palisade Wall |
| 16:33 | Build | Palisade Wall |
| 16:34 | Build | Palisade Wall |
| 16:35 | Create | Villager (Male) |
| 16:42 | Create | Villager (Male) |
| 16:55 | Create | Skirmisher |
| 16:56 | Create | Archer |
| 17:01 | Build | Farm |
| 17:01 | Build | Farm |
| 17:02 | Build | Farm |
| 17:02 | Build | Farm |
| 17:04 | Build | Farm |
| 17:07 | Build | Market |
| 17:10 | Build | House |
| 17:11 | Build | House |
| 17:20 | Build | Watch Tower |
| 17:30 | Create | Archer |
| 17:36 | Create | Villager (Male) |
| 17:47 | Research | Town Watch |
| 18:11 | Create | Skirmisher |
| 18:18 | Build | Mill |
| 18:28 | Create | Villager (Male) |
| 18:29 | Create | Villager (Male) |
| 18:32 | Build | House |
| 18:33 | Build | House |
| 18:41 | Research | Gold Mining |
| 19:08 | Create | Villager (Male) |
| 19:24 | Build | Farm |
| 19:26 | Build | Farm |
| 19:28 | Create | Villager (Male) |
| 19:51 | Create | Villager (Male) |
| 20:06 | Build | Watch Tower |
| 20:11 | Create | Villager (Male) |
| 20:21 | Build | Farm |
| 20:44 | Create | Villager (Male) |
| 21:03 | Create | Villager (Male) |
| 21:29 | Research | Castle Age |
| 21:45 | Build | Watch Tower |
| 22:33 | Create | Archer |
| 22:34 | Create | Archer |
| 22:36 | Create | Villager (Male) |
| 22:40 | Research | Stone Mining |
| 23:05 | Build | Barracks |
| 23:08 | Research | Scale Mail Armor |
| 23:08 | Research | Forging |
| 23:39 | Create | Villager (Male) |
| 24:04 | Create | Archer |
| 24:04 | Create | Archer |
| 24:09 | Age | Castle Age |
| 24:12 | Build | Farm |
| 24:12 | Build | Farm |
| 24:13 | Build | Farm |
| 24:13 | Build | Farm |
| 24:13 | Build | Farm |
| 24:30 | Build | Siege Workshop |
| 24:35 | Research | Squires |
| 24:43 | Create | Fire Lancer |
| 24:43 | Create | Fire Lancer |
| 24:43 | Create | Fire Lancer |
| 24:50 | Research | Crossbowman (upgrade) |
| 24:53 | Create | Archer |
| 24:54 | Create | Archer |
| 25:01 | Create | Fire Lancer |
| 25:02 | Create | Fire Lancer |
| 25:02 | Create | Fire Lancer |
| 25:04 | Create | Villager (Male) |
| 25:04 | Create | Villager (Male) |
| 25:17 | Build | Lumber Camp |
| 26:14 | Research | Bodkin Arrow |
| 26:15 | Research | Chain Mail Armor |
| 26:16 | Create | Villager (Male) |
| 26:16 | Create | Villager (Male) |
| 26:18 | Create | Fire Lancer |
| 26:19 | Create | Fire Lancer |
| 26:41 | Create | Villager (Male) |
| 26:47 | Create | Villager (Male) |
| 26:52 | Create | Battering Ram |
| 27:11 | Create | Iron Pagoda |
| 27:16 | Create | Villager (Male) |
| 27:30 | Create | Villager (Male) |
Match timeline
| 9:07 | [A2PL] roqueterpro · age_up feudal |
| 10:50 | DarkAngel2173 · first_building Barracks |
| 11:05 | [A2PL] roqueterpro · first_building Barracks |
| 11:33 | DarkAngel2173 · age_up feudal |
| 13:12 | [A2PL] roqueterpro · first_building Archery Range |
| 16:16 | [A2PL] roqueterpro · wall_segment Palisade Wall x1 |
| 16:17 | [A2PL] roqueterpro · wall_segment Palisade Wall x1 |
| 16:19 | [A2PL] roqueterpro · wall_segment Palisade Wall x1 |
| 16:31 | [A2PL] roqueterpro · wall_segment Palisade Wall x1 |
| 16:32 | [A2PL] roqueterpro · wall_segment Palisade Wall x1 |
| 16:32 | [A2PL] roqueterpro · wall_segment Palisade Wall x1 |
| 16:33 | [A2PL] roqueterpro · wall_segment Palisade Wall x1 |
| 16:34 | [A2PL] roqueterpro · wall_segment Palisade Wall x1 |
| 16:34 | DarkAngel2173 · first_market_sell 500 wood |
| 16:35 | DarkAngel2173 · first_market_buy 100 food |
| 21:00 | [A2PL] roqueterpro · first_market_buy 100 food |
| 21:58 | DarkAngel2173 · age_up castle |
| 22:47 | DarkAngel2173 · first_building Siege Workshop |
| 24:09 | [A2PL] roqueterpro · age_up castle |
| 24:30 | [A2PL] roqueterpro · first_building Siege Workshop |
| 31:19 | [A2PL] roqueterpro · first_building Monastery |
| 32:11 | DarkAngel2173 · first_building Castle |
| 35:46 | [A2PL] roqueterpro · first_building Castle |
| 40:40 | DarkAngel2173 · first_building Monastery |
| 40:49 | DarkAngel2173 · age_up imperial |
| 41:37 | [A2PL] roqueterpro · age_up imperial |
| 43:13 | [A2PL] roqueterpro · first_market_sell 500 food |
| 45:50 | DarkAngel2173 · first_building Stable |
| 47:44 | [A2PL] roqueterpro · first_building Stable |
[ AI ANALYSIS · 1 CREDIT ]
What really happened in this match?
Wolo.gg analyzes every decision: build order, eco, micro, common mistakes by bracket. Personalized analysis on WhatsApp or Discord in 30 seconds.
Civ guide
Koreans
Perfil
Jugador #15314949